 Dungeon Crawl Stone Soup version 0.15-a0-1403-g2cecdf4 (webtiles) character file.

5242 Herrn the Chopper (level 10, -2/80 HPs)
             Began as a Demonspawn Fighter on June 11, 2014.
             Was a Follower of Cheibriados.
             Shot with an arrow of frost by a centaur warrior (9 damage)
             ... on Level 9 of the Dungeon.
             The game lasted 00:38:32 (10810 turns).

Herrn the Chopper (Demonspawn Fighter)             Turns: 10810, Time: 00:38:32

HP  -2/80        AC  8     Str 19      XL: 10   Next: 36%
MP   2/10        EV 10     Int 13      God: Cheibriados [*.....]
Gold 414         SH 11     Dex 23      Spells:  0 memorised,  9 levels left

rFire  + . .     SeeInvis .     e - +2,+0 hand axe (venom)
rCold  . . .     Clarity  .     D - +0 scale mail {rPois}
rNeg   + . .     rCorr    +     c - +0 shield
rPois  +         rRot     .     (helmet restricted)
rElec  .         Spirit   .     K - +0 cloak
SustAb .         Warding  .     (no gloves)
rMut   .         Stasis   .     (no boots)
Gourm  .                        H - cursed amulet of resist corrosion
MR     +....                    p - ring of protection from magic
                                C - ring of positive energy

@: very slightly contaminated, very slow, somewhat resistant to hostile
enchantments, very unstealthy
A: horns 2, thin skeletal structure 2, fire resistance 1, fast metabolism 1
a: Bend Time, Renounce Religion


You were on level 9 of the Dungeon.
You worshipped Cheibriados.
Cheibriados was aware of your devotion.
You were hungry.

You visited 2 branches of the dungeon, and saw 10 of its levels.
You also visited: Sewer.

You collected 414 gold pieces.

Inventory:

Hand weapons
 a - a +0,+0 war axe
 e - a +2,+0 hand axe of venom (weapon)
 B - a +0,+0 battleaxe
Armour
 c - a +0 shield (worn)
 v - a troll hide {Purgy}
 D - a +0 scale mail of poison resistance (worn)
 K - a +0 cloak (worn)
Magical devices
 h - a wand of fireball (2) {unknown}
 E - a wand of confusion (2) {unknown}
Comestibles
 b - 4 chunks of orc flesh
 d - 6 bread rations
 i - a meat ration
 k - 4 beef jerkies
 q - a slice of pizza
 r - a royal jelly
 L - 3 fruits
 N - a rotting chunk of troll flesh
Scrolls
 f - a scroll of magic mapping
 g - 3 scrolls of amnesia
 o - 2 scrolls of random uselessness
 w - a scroll of teleportation
 x - 3 scrolls of identify
 y - a scroll of blinking
 F - 3 scrolls of remove curse
 I - a scroll of fog
 J - a scroll of acquirement {unknown}
Jewellery
 l - a +4 ring of protection
 p - a ring of protection from magic (right hand)
 s - an uncursed ring of protection from fire
 z - an uncursed amulet of rage
 A - an uncursed ring of protection from magic
 C - a ring of positive energy (left hand)
 H - a cursed amulet of resist corrosion (around neck)
Potions
 j - 4 potions of curing
 n - a potion of resistance
 u - 4 potions of heal wounds
Books
 t - a book of Dreams

   Spells                             Type                      Level
   Ensorcelled Hibernation            Hexes/Ice                    2
   Flight                             Charms/Air                   3
   Phase Shift                        Translocation                5
   Shadow Creatures                   Summoning                    5
   Mass Confusion                     Hexes                        6
   Darkness                           Hexes                        7


   Skills:
 * Level 7.7 Fighting
 * Level 7.9 Axes
 + Level 6.2 Armour
 + Level 5.7 Dodging
 + Level 6.4 Shields


You had 9 spell levels left.
You didn't know any spells.

Dungeon Overview and Level Annotations

Branches:
Dungeon (9/15)             Temple (1/1) D:6            Lair (0/8) D:8
    Orc: D:9-12

Altars:
Ashenzari
Cheibriados
Dithmenos
Elyvilon
Fedhas
Gozag
Kikubaaqudgha
Makhleb
Nemelex Xobeh
Okawaru
Qazlal
Sif Muna
Trog
Vehumet
Xom
Yredelemnul
Zin
The Shining One

Annotations:
D:9 exclusion: statue


Innate Abilities, Weirdness & Mutations

You have a pair of horns on your head.
You have a moderately thin skeletal structure (Dex +4, Stealth+).
Your flesh is heat resistant.
You have a fast metabolism.


Message History

You feel much better.
The hill giant hits you with a giant club!
* * * LOW HITPOINT WARNING * * *
The centaur warrior shoots an arrow of frost.
You block the arrow of frost.
Blink to where?
Press: ? - help, Dir - move target cursor
As you read the scroll of blinking, it crumbles to dust.
You are very lightly contaminated with residual magic.
The centaur warrior shoots an arrow of frost.
You block the arrow of frost.
The centaur warrior shoots an arrow of frost.
The arrow of frost hits you.
* * * LOW HITPOINT WARNING * * *
The arrow of frost freezes you.
* * * LOW HITPOINT WARNING * * *
You see here an arrow of frost.
The centaur warrior shoots an arrow of frost.
The arrow of frost hits you!
You die...

...................#
...................#
####...#########...#
#...# #...# #...#
#...# #...# #.[.#
....# #)>)# #...#
#...#
#...#########@..#
#......Cc...(...#
#.......####....#
###.......# #....#
..........# #....#
#####.....# #....#
#.....# #....#
#.....# #....#
#...cC# #....#


You could see a hill giant and a centaur warrior.

Vanquished Creatures
  Pikel (D:8)
  Maurice (D:8)
  Psyche (D:8)
  2 trolls (D:9)
  Prince Ribbit (D:6)
  A wraith (D:8)
  A deep elf mage (D:8)
  A hungry ghost (D:8)
  A sky beast (D:6)
  A water moccasin (D:6)
  Purgy (Sewer)
  2 orc warriors (D:9)
  2 ice beasts
  2 ogres
  2 centaurs (D:7)
  A crocodile (D:7)
  Sigmund (D:2)
  3 giant frogs
  A scorpion (D:8)
  An eye of draining (D:9)
  2 crimson imps
  A goliath beetle (D:6)
  4 jellies
  A giant frog zombie (D:9)
  4 wights (D:6)
  A centaur zombie (D:8)
  3 hounds
  2 gnoll shamans
  7 orc priests
  A centaur skeleton (D:7)
  15 orc wizards
  An elf skeleton (D:8)
  3 worker ants
  Jessica (D:2)
  11 gnolls
  9 adders
  3 shadow imps
  2 giant mites
  A worm (D:4)
  An ooze (D:6)
  49 orcs
  5 giant cockroaches
  13 goblins
  12 hobgoblins
  9 kobolds
  A ball python (D:3)
  7 bats
  7 giant geckos
  4 giant newts
  3 jackals (D:5)
  An orc skeleton (D:8)
  2 quokkas
  A quokka skeleton (D:6)
  10 rats
  A rat skeleton (D:8)
  8 ballistomycetes
233 creatures vanquished.

Vanquished Creatures (others)
  A scorpion (D:7)
  A centaur zombie (D:8)
  An adder (D:8)
  A giant gecko (D:8)
  A hobgoblin (D:8)
  4 jackals (D:7)
  4 giant spores
13 creatures vanquished.

Grand Total: 246 creatures vanquished

Notes
Turn   | Place    | Note
--------------------------------------------------------------
     0 | D:1      | Herrn, the Demonspawn Fighter, began the quest for the Orb.
     0 | D:1      | Reached XP level 1. HP: 18/18 MP: 1/1
   540 | D:1      | Gained mutation: You have a somewhat thin skeletal structure (Dex +2, Stealth). [demonic ancestry]
   540 | D:1      | Reached XP level 2. HP: 20/24 MP: 2/2
  1296 | D:2      | Noticed Jessica
  1312 | D:2      | Killed Jessica
  1312 | D:2      | Reached XP level 3. HP: 15/29 MP: 3/3
  1438 | D:2      | Reached skill level 1 in Dodging
  1751 | D:2      | Noticed Sigmund
  1769 | D:2      | Killed Sigmund
  1769 | D:2      | Gained mutation: Your flesh is heat resistant. [demonic ancestry]
  1769 | D:2      | Reached XP level 4. HP: 18/37 MP: 4/4
  2057 | D:2      | Gained mutation: You have a moderately thin skeletal structure (Dex +4, Stealth+). [demonic ancestry]
  2057 | D:2      | Reached XP level 5. HP: 42/42 MP: 5/5
  2639 | D:3      | Found a glowing drain.
  2661 | Sewer    | Entered a sewer
  2784 | Sewer    | Noticed Purgy
  2800 | Sewer    | Killed Purgy
  2800 | Sewer    | Reached skill level 4 in Fighting
  2822 | Sewer    | Reached XP level 6. HP: 41/48 MP: 6/6
  3045 | D:3      | Gained mutation: You have a fast metabolism. [potion of mutation]
  3045 | D:3      | Gained mutation: You are agile. (Dex +2) [potion of mutation]
  3045 | D:3      | Lost mutation: You are agile. (Dex +2) [potion of mutation]
  3951 | D:4      | Found an opulent altar of Gozag.
  4209 | D:4      | Reached XP level 7. HP: 39/55 MP: 7/7
  4542 | D:5      | Entered Level 5 of the Dungeon
  5303 | D:5      | Found a burning altar of Makhleb.
  5303 | D:5      | Found a glowing golden altar of the Shining One.
  5351 | D:5      | Reached skill level 5 in Fighting
  5667 | D:5      | Found a basalt altar of Yredelemnul.
  5933 | D:6      | Gained mutation: You have a pair of small horns on your head. [demonic ancestry]
  5933 | D:6      | Reached XP level 8. HP: 43/62 MP: 8/8
  5974 | D:6      | Noticed Prince Ribbit
  5991 | D:6      | Killed Prince Ribbit
  6030 | D:6      | Reached skill level 5 in Shields
  6139 | D:6      | Reached skill level 5 in Axes
  6157 | D:6      | Found a staircase to the Ecumenical Temple.
  6183 | Temple   | Entered the Ecumenical Temple
  7383 | D:7      | Found an ancient bone altar of Kikubaaqudgha.
  7837 | D:7      | Reached skill level 6 in Fighting
  8006 | D:7      | Gained mutation: You have a pair of horns on your head. [demonic ancestry]
  8006 | D:7      | Reached XP level 9. HP: 34/69 MP: 9/9
  8185 | D:7      | Found a white marble altar of Elyvilon.
  8248 | D:7      | Reached skill level 5 in Armour
  8427 | D:7      | Found a blossoming altar of Fedhas.
  8434 | D:7      | Found a snail-covered altar of Cheibriados.
  8664 | D:8      | Noticed Psyche
  8674 | D:8      | Killed Psyche
  8932 | D:8      | Reached skill level 5 in Dodging
  9139 | D:8      | Noticed Pikel
  9150 | D:8      | Killed Pikel
  9164 | D:8      | Reached skill level 7 in Axes
  9311 | D:7      | Became a worshipper of Cheibriados the Contemplative
  9375 | D:8      | Noticed Maurice
  9388 | D:8      | Killed Maurice
  9477 | D:8      | Reached XP level 10. HP: 77/79 MP: 10/10
  9768 | D:8      | Found a staircase to the Lair.
 10266 | D:9      | Found a radiant altar of Vehumet.
 10796 | D:9      | Noticed a hill giant
 10796 | D:9      | Noticed a centaur warrior
 10803 | D:9      | HP: 3/80 [centaur warrior/arrow of frost (2)]
 10803 | D:9      | HP: 1/80 [centaur warrior/arrow of frost (2)]
 10810 | D:9      | Shot with an arrow of frost by a centaur warrior

Action                   |  1- 3 |  4- 6 |  7- 9 | 10-12 || total
-------------------------+-------+-------+-------+-------++-------
Melee: War axe           |   130 |   134 |       |       ||   264
       Hand axe          |       |    50 |   472 |   147 ||   669
  Use: Potion            |     2 |    12 |     3 |     2 ||    19
       Scroll            |       |     7 |     5 |     1 ||    13
 Stab: Invisible         |       |     4 |       |       ||     4
       Sleeping          |       |     1 |       |     1 ||     2
